 Dungeon Crawl Stone Soup version 0.21-a0-508-gf08a75f (webtiles) character file.

27 rgaf the Ruffian (level 2, 0/23 HPs)
             Began as a Draconian Transmuter on Nov 29, 2017.
             Slain by a gnoll (5 damage)
             ... on level 1 of the Dungeon.
             The game lasted 00:01:05 (777 turns).

rgaf the Ruffian (Draconian Transmuter)              Turns: 777, Time: 00:01:05

Health: 0/23       AC:  4    Str: 12    XL:     2   Next: 93%
Magic:  5/5        EV: 12    Int: 13    God:
Gold:   66         SH:  0    Dex: 11    Spells: 4/5 levels left

rFire    . . .     SeeInvis .     - Unarmed
rCold    . . .     Gourm    .   (no shield)
rNeg     . . .     Faith    .   (armour unavailable)
rPois    .         Spirit   .   (helmet restricted)
rElec    .         Reflect  .   (no cloak)
rCorr    .         Harm     .   (no gloves)
MR       .....                  (no boots)
Stlth    +.........             (no amulet)
HPRegen  0.07/turn              (no ring)
MPRegen  0.09/turn              (no ring)

@: flying
A: unfitting armour, cold-blooded, AC +4
a: no special abilities


You were on level 1 of the Dungeon.
You were not hungry.

You visited 1 branch of the dungeon, and saw 2 of its levels.

You collected 66 gold pieces.

Inventory:

Missiles
 a - 33 arrows
Jewellery
 d - a +3 ring of dexterity {unknown}
Scrolls
 f - a scroll of teleportation {unknown}
 g - a scroll of enchant armour {unknown}
 i - a scroll of noise {unknown}
 k - a scroll of identify {unknown}
Potions
 e - a potion of magic {unknown}
 l - a potion of flight
Books
 b - a book of Changes

   Spells                             Type                      Level
   a - Beastly Appendage              Transmutation                1
   b - Sticks to Snakes               Transmutation                2
   c - Spider Form                    Transmutation/Poison         3
   d - Ice Form                       Ice/Transmutation            4
   e - Blade Hands                    Transmutation                5
Comestibles
 c - 2 bread rations
 h - a meat ration
 j - a royal jelly


   Skills:
 - Level 1.1 Fighting
 - Level 1.7 Dodging
 + Level 4.2 Unarmed Combat
 - Level 2.0 Spellcasting
 - Level 2.0 Transmutations


You had 4 spell levels left.
You knew the following spells:

 Your Spells              Type           Power        Failure   Level  Hunger
a - Beastly Appendage     Tmut           #.....       11%         1    ##.....


Dungeon Overview and Level Annotations

Branches:
Dungeon (2/15)

Altars:


Innate Abilities, Weirdness & Mutations

Your plain brown scales are hard. (AC +4)
You cannot fit into any form of body armour.
You are cold-blooded and may be slowed by cold attacks.


Message History

The dart slug is lightly wounded.
The gnoll closely misses you.
The gnoll hits you from afar with a halberd.
The dart slug launches a dart at you. The slug dart hits you!
The dart slug closely misses you.
There is a stone staircase leading up here.
The gnoll hits you but does no damage. The gnoll closely misses you.
You climb upwards.
There is a stone staircase leading down here.
You barely miss the gnoll. The gnoll hits you.
* * * LOW HITPOINT WARNING * * *
You hit the gnoll.
Your tail-slap misses the gnoll.
The gnoll is heavily wounded.
The gnoll hits you.
* * * LOW HITPOINT WARNING * * *
It was a potion of flight.
You feel very buoyant.
You fly up into the air.
The gnoll hits you.
You die...

..##.##..#########.# ###.#.
#.##.##............# #..#.#
#.##.#>.....รท......#########.#.#.
#.##......##########..........#.#
#.##.......# #.#########.#.
#.###.....## #.# #.#.# #.#
##...###########.# ####. #.#
##.#)...........# #. #.#
#.....##.g@....# #) #.#
##.###.##.####..# #. #.# #..#
#....# #..# #. #.# #..###.####
#..#### #. ..#
#..>...#######.....# #. ###
#...........##).##.# #.
#.##..#####.##..##.# #. #.....#
#.....##.# #. ####..# #....###.#
#.


You could see a gnoll.

Vanquished Creatures
  2 dart slugs (D:1)
  A giant cockroach (D:2)
  3 goblins (D:1)
  6 kobolds
  A ball python (D:1)
  5 bats (D:1)
  A frilled lizard (D:1)
  5 rats (D:1)
24 creatures vanquished.

Notes
Turn   | Place    | Note
-------+----------+-------------------------------------------
     0 | D:1      | rgaf the Draconian Transmuter began the quest for the Orb.
     0 | D:1      | Reached XP level 1. HP: 16/16 MP: 3/3
    71 | D:1      | Reached XP level 2. HP: 19/23 MP: 5/5
   400 | D:1      | Reached skill level 4 in Unarmed Combat
   777 | D:1      | Slain by a gnoll

Vault maps used:
D:1:      lightli_arrival_chessboard
D:2:      led_sif_pool, lemuel_coloured_pillars_altar, lemuel_crystal_altar,
          first_bread

Skill      XL: |  1  2 |
---------------+-------+-----
Unarmed Combat | 4 |  4.2
Fighting       | |  1.1
Dodging        | |  1.7
Spellcasting   | |  2.0
Transmutations | |  2.0

Action                   || total
-------------------------++-------
Melee: Unarmed           ||    80
       Tailslap          ||     6
       Punch             ||     1
  Use: Potion            ||     1
 Stab: Sleeping          ||     2
Armor: Skin              ||    21
Dodge: Dodged            ||    55

Table legend:
 A = Spawn XP
 B = Non-spawn XP
 C = Spawn XP percentage of total XP
 D = Spawn monster count
 E = Non-spawn monster count
 F = Spawn count percentage of total count
 G = Total turns spent on level
                    A         B        C        D         E        F      G
               +---------+---------+-------+---------+---------+-------+---------
         Total |       0 |      39 |   0.0 |       0 |      24 |   0.0 |   777
               +---------+---------+-------+---------+---------+-------+---------
           D:1 |       0 |      35 |   0.0 |       0 |      21 |   0.0 |   642
           D:2 |       0 |       4 |   0.0 |       0 |       3 |   0.0 |   135
               +---------+---------+-------+---------+---------+-------+---------
